| TOP OF THE 1ST |
|
University of Minnesota Golden Gophers batting - Pitching for Florida State University Seminoles : RHP Bobby Rodriquez
|
|
Pitching: RHP Bobby Rodriquez
|
|
|
Batting: RHB Tatsuyoshi Ikeda
|
0-0: Ball 1-0: Foul Ball, location: 2F 1-1: Ball 2-1: Ground out 6-3 (Groundball, 6, EV 91.9 MPH)
|
|
Batting: RHB Roy Evenden
|
0-0: Foul Ball, location: 2F 0-1: Ball 1-1: Called Strike 1-2: Foul Ball, location: 2F 1-2: Strikes out looking
|
|
Batting: LHB Alex Villa
|
0-0: Called Strike 0-1: Ball 1-1: Ground out 5-3 (Groundball, 56, EV 99.4 MPH)
|
| Top of the 1st over - 0 runs, 0 hits, 0 errors, 0 left on base; University of Minnesota 0 - Florida State University 0 |
| BOTTOM OF THE 1ST |
|
Florida State University Seminoles batting - Pitching for University of Minnesota Golden Gophers : LHP Baden Trevelyan
|
|
Pitching: LHP Baden Trevelyan
|
|
|
Batting: RHB Butch Huskey
|
0-0: Called Strike 0-1: Called Strike 0-2: SINGLE (Groundball, 56, EV 100.6 MPH)
|
|
Batting: SHB Jason Farr
|
0-0: Swinging Strike Butch Huskey is caught stealing 2nd base 2-4 0-1: Fly out, F8 (Flyball, 8LD, EV 93.1 MPH)
|
|
Batting: LHB Ethan Ware
|
0-0: Ball 1-0: Foul Ball, location: 2F 1-1: Called Strike 1-2: Strikes out swinging
|
| Bottom of the 1st over - 0 runs, 1 hit, 0 errors, 0 left on base; University of Minnesota 0 - Florida State University 0 |
| TOP OF THE 2ND |
|
University of Minnesota Golden Gophers batting - Pitching for Florida State University Seminoles : RHP Bobby Rodriquez
|
|
Batting: LHB Jose Moncada
|
0-0: Ball 1-0: Swinging Strike 1-1: Ball 2-1: Ball 3-1: Foul Ball, location: 2F 3-2: Fly out, F9 (Flyball, 89S, EV 92.5 MPH)
|
|
Batting: RHB Jason Mooris
|
0-0: Ball 1-0: Ball 2-0: Called Strike 2-1: Ground out 5-3 (Groundball, 56S, EV 86.2 MPH)
|
|
Batting: RHB Ron Gooch
|
0-0: Ball 1-0: Swinging Strike 1-1: Swinging Strike 1-2: Ball 2-2: Strikes out swinging
|
| Top of the 2nd over - 0 runs, 0 hits, 0 errors, 0 left on base; University of Minnesota 0 - Florida State University 0 |
| BOTTOM OF THE 2ND |
|
Florida State University Seminoles batting - Pitching for University of Minnesota Golden Gophers : LHP Baden Trevelyan
|
|
Batting: RHB Ed Vilches
|
0-0: Ball 1-0: Ball 2-0: Swinging Strike 2-1: Ball 3-1: Base on Balls
|
|
Batting: RHB Tony Valdez
|
0-0: Foul Ball, location: 2F 0-1: Ball 1-1: SINGLE (Groundball, 6MD, EV 106.9 MPH) Ed Vilches to second
|
|
Batting: RHB David Lucarelli
|
0-0: Called Strike 0-1: Ball 1-1: Ball 2-1: Foul Ball, location: 2F 2-2: Ball 3-2: Fly out, F8 (Flyball, 8LD, EV 95.6 MPH) Runner from 2nd tags up, SAFE at 3rd with throw by CF
|
|
Batting: LHB Brian Clayton
|
0-0: Ball 1-0: Called Strike Tony Valdez steals 2nd base 1-1: Ball 2-1: Ground out U3 (Groundball, 3, EV 88.8 MPH)
|
|
Batting: RHB George Smienk
|
0-0: Ball 1-0: Fly out, F6 (Line Drive, 6, EV 66.9 MPH)
|
| Bottom of the 2nd over - 0 runs, 1 hit, 0 errors, 2 left on base; University of Minnesota 0 - Florida State University 0 |
| TOP OF THE 3RD |
|
University of Minnesota Golden Gophers batting - Pitching for Florida State University Seminoles : RHP Bobby Rodriquez
|
|
Batting: LHB Bobby Agterberg
|
0-0: Ball 1-0: Called Strike 1-1: Fly out, F7 (Flyball, 7, EV 95.0 MPH)
|
|
Batting: LHB Ivan Villegas
|
0-0: Ball 1-0: SINGLE (Groundball, 4MD, EV 106.9 MPH)
|
|
Batting: LHB Phil Bonner
|
0-0: Called Strike 0-1: Ball 1-1: SINGLE (Groundball, 34D, EV 109.4 MPH) Ivan Villegas to second
|
|
Batting: RHB Tatsuyoshi Ikeda
|
0-0: Grounds into double play, 5-4-3 (Groundball, 56, EV 81.9 MPH)
|
| Top of the 3rd over - 0 runs, 2 hits, 0 errors, 1 left on base; University of Minnesota 0 - Florida State University 0 |
| BOTTOM OF THE 3RD |
|
Florida State University Seminoles batting - Pitching for University of Minnesota Golden Gophers : LHP Baden Trevelyan
|
|
Batting: SHB John Welsh
|
0-0: Fly out, F9 (Line Drive, 9S, EV 95.6 MPH)
|
|
Batting: RHB Butch Huskey
|
0-0: Called Strike 0-1: Ball 1-1: SOLO HOME RUN (Flyball, 7D, EV 98.1 MPH), Distance : 374 ft
|
|
Batting: SHB Jason Farr
|
0-0: Reached on error, E6 (Groundball, 6, EV 80.6 MPH)
|
|
Batting: LHB Ethan Ware
|
0-0: Ball 1-0: Foul Ball, location: 2F 1-1: Fly out, F9 (Flyball, 89S, EV 88.1 MPH)
|
|
Batting: RHB Ed Vilches
|
0-0: Fielders Choice at 2nd, 6-4 (Groundball, 6, EV 91.2 MPH)
|
| Bottom of the 3rd over - 1 run, 1 hit, 1 error, 1 left on base; University of Minnesota 0 - Florida State University 1 |
| TOP OF THE 4TH |
|
University of Minnesota Golden Gophers batting - Pitching for Florida State University Seminoles : RHP Bobby Rodriquez
|
|
Batting: RHB Roy Evenden
|
0-0: Ball 1-0: Swinging Strike 1-1: Swinging Strike 1-2: Foul Ball, location: 2F 1-2: Strikes out swinging
|
|
Batting: LHB Alex Villa
|
0-0: Ball 1-0: Foul Ball, location: 2F 1-1: Ball 2-1: Swinging Strike 2-2: Strikes out looking
|
|
Batting: LHB Jose Moncada
|
0-0: Ball 1-0: Ball 2-0: Swinging Strike 2-1: Ground out 6-3 (Groundball, 6, EV 78.1 MPH)
|
| Top of the 4th over - 0 runs, 0 hits, 0 errors, 0 left on base; University of Minnesota 0 - Florida State University 1 |
| BOTTOM OF THE 4TH |
|
Florida State University Seminoles batting - Pitching for University of Minnesota Golden Gophers : LHP Baden Trevelyan
|
|
Batting: RHB Tony Valdez
|
0-0: Swinging Strike 0-1: Swinging Strike 0-2: Ball 1-2: Strikes out swinging
|
|
Batting: RHB David Lucarelli
|
0-0: Ground out 3-1 (Groundball, 34, EV 78.1 MPH)
|
|
Batting: LHB Brian Clayton
|
0-0: Called Strike 0-1: Foul Ball, location: 2F 0-2: Ground out 5-3 (Groundball, 56, EV 88.8 MPH)
|
| Bottom of the 4th over - 0 runs, 0 hits, 0 errors, 0 left on base; University of Minnesota 0 - Florida State University 1 |
| TOP OF THE 5TH |
|
University of Minnesota Golden Gophers batting - Pitching for Florida State University Seminoles : RHP Bobby Rodriquez
|
|
Batting: RHB Jason Mooris
|
0-0: DOUBLE (Line Drive, 9LM, EV 94.4 MPH) - OUT at third base trying to stretch hit.
|
|
Batting: RHB Ron Gooch
|
0-0: Swinging Strike 0-1: Ball 1-1: Foul Ball, location: 2F 1-2: Ball 2-2: Foul Ball, location: 2F 2-2: Strikes out swinging
|
|
Batting: LHB Bobby Agterberg
|
0-0: Ball 1-0: Called Strike 1-1: Ball 2-1: Foul Ball, location: 2F 2-2: Foul Ball, location: 2F 2-2: Ball 3-2: Strikes out swinging
|
| Top of the 5th over - 0 runs, 1 hit, 0 errors, 0 left on base; University of Minnesota 0 - Florida State University 1 |
| BOTTOM OF THE 5TH |
|
Florida State University Seminoles batting - Pitching for University of Minnesota Golden Gophers : LHP Baden Trevelyan
|
|
Batting: RHB George Smienk
|
0-0: Ball 1-0: Swinging Strike 1-1: Ground out 6-3 (Groundball, 6, EV 83.1 MPH)
|
|
Batting: SHB John Welsh
|
0-0: Ball 1-0: Ball 2-0: Ball 3-0: Called Strike 3-1: Swinging Strike 3-2: Base on Balls
|
|
Batting: RHB Butch Huskey
|
0-0: Called Strike 0-1: SINGLE (Line Drive, 7S, EV 96.2 MPH) John Welsh to second
|
|
Batting: SHB Jason Farr
|
0-0: Swinging Strike 0-1: Ball 1-1: Ball 2-1: Fielders Choice at 2nd, 6-4 (Groundball, 6, EV 91.9 MPH) John Welsh to third
|
|
Batting: LHB Ethan Ware
|
0-0: Fly out, F9 (Flyball, 9, EV 91.9 MPH)
|
| Bottom of the 5th over - 0 runs, 1 hit, 0 errors, 2 left on base; University of Minnesota 0 - Florida State University 1 |
| TOP OF THE 6TH |
|
University of Minnesota Golden Gophers batting - Pitching for Florida State University Seminoles : RHP Bobby Rodriquez
|
|
Batting: LHB Ivan Villegas
|
0-0: Ball 1-0: Ground out 6-3 (Groundball, 6MS, EV 78.8 MPH)
|
|
Batting: LHB Phil Bonner
|
0-0: Called Strike 0-1: Fly out, F8 (Flyball, 8LD, EV 89.4 MPH)
|
|
Batting: RHB Tatsuyoshi Ikeda
|
0-0: Ball 1-0: Ball 2-0: Fly out, F9 (Line Drive, 9, EV 91.9 MPH)
|
| Top of the 6th over - 0 runs, 0 hits, 0 errors, 0 left on base; University of Minnesota 0 - Florida State University 1 |
| BOTTOM OF THE 6TH |
|
Florida State University Seminoles batting - Pitching for University of Minnesota Golden Gophers : LHP Baden Trevelyan
|
|
Batting: RHB Ed Vilches
|
0-0: Called Strike 0-1: Foul Ball, location: 2F 0-2: Foul Ball, location: 2F 0-2: Strikes out swinging
|
|
Batting: RHB Tony Valdez
|
0-0: Fly out, F4 (Popup, 34D, EV 68.8 MPH)
|
|
Batting: RHB David Lucarelli
|
0-0: Called Strike 0-1: Ball 1-1: Fly out, F3 (Popup, 3SF, EV 83.8 MPH)
|
| Bottom of the 6th over - 0 runs, 0 hits, 0 errors, 0 left on base; University of Minnesota 0 - Florida State University 1 |
| TOP OF THE 7TH |
|
University of Minnesota Golden Gophers batting - Pitching for Florida State University Seminoles : RHP Bobby Rodriquez
|
|
Batting: RHB Roy Evenden
|
0-0: Ball 1-0: Foul Ball, location: 2F 1-1: Ground out 6-3 (Groundball, 6M, EV 83.8 MPH)
|
|
Batting: LHB Alex Villa
|
0-0: Swinging Strike 0-1: Ball 1-1: Foul Ball, location: 2F 1-2: Ball 2-2: Strikes out looking
|
|
Batting: LHB Jose Moncada
|
0-0: Swinging Strike 0-1: Foul Ball, location: 2F 0-2: Ground out 6-3 (Groundball, 6, EV 89.4 MPH)
|
| Top of the 7th over - 0 runs, 0 hits, 0 errors, 0 left on base; University of Minnesota 0 - Florida State University 1 |
| BOTTOM OF THE 7TH |
|
Florida State University Seminoles batting - Pitching for University of Minnesota Golden Gophers : LHP Baden Trevelyan
|
|
Batting: LHB Brian Clayton
|
0-0: Called Strike 0-1: Ball 1-1: Reached on error, E5 (Groundball, 56, EV 86.9 MPH)
|
|
Batting: RHB George Smienk
|
0-0: Sac Bunt to 5S - play at first, batter OUT! 5-3 Brian Clayton to second
|
|
Batting: SHB John Welsh
|
0-0: Foul Ball, location: 2F 0-1: Ball 1-1: Called Strike 1-2: Strikes out looking
|
|
Pitching: RHP Eddie Young
|
|
|
Batting: RHB Butch Huskey
|
0-0: Called Strike 0-1: Ball 1-1: Ball 2-1: Swinging Strike 2-2: SINGLE (Flyball, 4D, EV 91.9 MPH) Brian Clayton to third Runner from 3rd tries for Home, SAFE, throw by CF to home Butch Huskey to second
|
|
Batting: SHB Jason Farr
|
0-0: Called Strike 0-1: Ball 1-1: Ball 2-1: Foul Ball, location: 2F 2-2: Ball 3-2: Fly out, F3 (Line Drive, 34, EV 65.6 MPH)
|
| Bottom of the 7th over - 1 run, 1 hit, 1 error, 1 left on base; University of Minnesota 0 - Florida State University 2 |
| TOP OF THE 8TH |
|
University of Minnesota Golden Gophers batting - Pitching for Florida State University Seminoles : RHP Bobby Rodriquez
|
|
Pitching: RHP Jose Muti
|
|
|
Batting: RHB Jason Mooris
|
0-0: Ball 1-0: Foul Ball, location: 2F 1-1: Ball 2-1: Ground out 6-3 (Groundball, 6, EV 106.2 MPH)
|
|
Batting: RHB Ron Gooch
|
0-0: Called Strike 0-1: Called Strike 0-2: Ball 1-2: Foul Ball, location: 2F 1-2: Foul Ball, location: 2F 1-2: Ball 2-2: Ball 3-2: Foul Ball, location: 2F 3-2: Foul Ball, location: 2F 3-2: Strikes out swinging
|
|
Batting: LHB Bobby Agterberg
|
0-0: Fly out, F9 (Line Drive, 9S, EV 91.9 MPH)
|
| Top of the 8th over - 0 runs, 0 hits, 0 errors, 0 left on base; University of Minnesota 0 - Florida State University 2 |
| BOTTOM OF THE 8TH |
|
Florida State University Seminoles batting - Pitching for University of Minnesota Golden Gophers : RHP Eddie Young
|
|
Batting: LHB Ethan Ware
|
0-0: Ball 1-0: Ball 2-0: Foul Ball, location: 2F 2-1: Ball 3-1: Foul Ball, location: 2F 3-2: Base on Balls
|
|
Batting: RHB Ed Vilches
|
0-0: Ball 1-0: Ball 2-0: Ball Ethan Ware steals 2nd base 3-0: Called Strike 3-1: Fly out, F7 (Flyball, 7, EV 88.8 MPH)
|
|
Batting: RHB Tony Valdez
|
0-0: Intentional Walk
|
|
Batting: RHB David Lucarelli
|
0-0: Ball 1-0: Called Strike 1-1: Ball 2-1: Foul Ball, location: 2F 2-2: Strikes out swinging
|
|
Pitching: RHP Frank McCarthy
|
|
|
Batting: LHB Brian Clayton
|
0-0: Called Strike 0-1: Ground out 3-1 (Groundball, 34S, EV 78.1 MPH)
|
| Bottom of the 8th over - 0 runs, 0 hits, 0 errors, 2 left on base; University of Minnesota 0 - Florida State University 2 |
| TOP OF THE 9TH |
|
University of Minnesota Golden Gophers batting - Pitching for Florida State University Seminoles : RHP Jose Muti
|
|
Pitching: LHP Angel Villatoro
|
|
|
Now in LF: Matt Stewart
|
|
|
Batting: LHB Ivan Villegas
|
0-0: Ball 1-0: Called Strike 1-1: Ground out U3 (Groundball, 34, EV 102.5 MPH)
|
|
Pinch Hitting: RHB Scott Rose
|
0-0: Ball 1-0: Called Strike 1-1: Fly out, F7 (Flyball, 78S, EV 87.5 MPH)
|
|
Batting: RHB Tatsuyoshi Ikeda
|
0-0: Called Strike 0-1: Ball 1-1: Ball 2-1: Ball 3-1: Foul Ball, location: 2F 3-2: Foul Ball, location: 2F 3-2: Foul Ball, location: 2F 3-2: Strikes out swinging
|
| Top of the 9th over - 0 runs, 0 hits, 0 errors, 0 left on base; University of Minnesota 0 - Florida State University 2 |
|